Map: Abiogenese LE

Players

SnowE

  • Race: Terran Terran
  • League: Diamond
  • Spawn Location: 11:00

K.I.-1 (Sehr leicht) - Winner!

  • Race: Terran Terran
  • Spawn Location: 5:00

VOD

Have the link to the VOD?

Description

Time

  • Played on: Feb. 11, 2018, 8:13 a.m.
  • Length: 5:17
Show
View Real Time Build Order
Export as new Build Order

SnowE Terran 

Build Orders: Hellion Opening, Reaper Expand 

Get SALT Encoding   

  12  0:00  SCV  
  13  0:12  SCV  
  14  0:18  Supply Depot  
  14  0:25  Refinery  
  14  0:29  SCV  
  15  0:41  SCV  
  16  0:47  Barracks  
  16  0:53  SCV  
  17  1:05  SCV  
  18  1:17  SCV  
  19  1:34  Orbital Command  
  19  1:35  Reaper  
  20  1:53  Command Center  
  20  2:01  SCV  
  20  2:07  Factory  
  21  2:11  Barracks Reactor  
  21  2:18  Supply Depot  
  21  2:21  SCV  
  22  2:28  Refinery  
  22  2:33  SCV  
  23  2:45  SCV  
  24  2:51  Starport  
  24  2:57  SCV  
  24  2:58  Hellion x2  
  29  3:05  Barracks Tech Lab  
  29  3:09  SCV  
  29  3:10  Orbital Command  
  30  3:21  Hellion, SCV  
  30  3:22  Hellion  
  35  3:32  Supply Depot  
  35  3:34  SCV  
  36  3:36  SCV  
  37  3:42  Hellion  
  37  3:44  Hellion  
  37  3:47  Viking  
  43  3:52  SCV  
  43  3:53  SCV  
  45  3:56  Supply Depot  
  45  4:03  Hellion  
  45  4:05  Hellion  
  45  4:08  SCV x2  
  51  4:17  Viking  
  51  4:20  SCV x2  
  55  4:26  Supply Depot  
  55  4:28  Hellion x2  
  59  4:32  SCV  
  59  4:34  SCV  
  60  4:46  SCV  
  60  4:47  SCV  
  60  4:49  Hellion x2  
  68  4:59  SCV x2  
  70  5:00  Refinery  
  70  5:01  Command Center  
  70  5:04  Refinery  
Show
View Real Time Build Order
Export as new Build Order

K.I.-1 (Sehr leicht) Terran - Winner!

Build Orders:  

Get SALT Encoding   

  12  0:00  SCV  
  13  0:13  SCV  
  14  0:18  Supply Depot  
  14  0:37  Refinery  
  14  0:43  Barracks  
  14  1:05  Supply Depot  
  14  1:13  Refinery  
  14  1:30  Marine  
  14  1:31  Orbital Command  
  15  1:57  SCV  
  16  2:09  SCV  
  17  2:18  Marine  
  17  2:21  SCV  
  19  2:33  SCV  
  20  2:37  Barracks Tech Lab  
  20  2:45  SCV  
  21  2:57  SCV  
  22  3:06  Marauder  
  23  4:17  SCV  
  24  4:33  SCV  
  24  4:36  Marine  
  24  4:37  Supply Depot  
Tags
 
Add a new tag
Caveats
  • Supply blocks, unpowered buildings, or Contaminate may cause inaccurate times.
  • Supply counts are checked every 10 seconds.